 Dungeon Crawl Stone Soup version 0.24-a0-67-ga78bd38 (webtiles) character file.

Game seed: 6074952358946063617

161 galech the Skirmisher (level 5, 0/41 HPs)
             Began as a Demonspawn Fighter on Feb 5, 2019.
             Slain by a hornet zombie (1 damage)
             ... on level 4 of the Dungeon.
             The game lasted 00:02:16 (2270 turns).

galech the Skirmisher (Demonspawn Fighter)          Turns: 2270, Time: 00:02:17

Health: 0/41       AC:  9    Str: 17    XL:     5   Next: 19%
Magic:  5/5        EV:  7    Int:  9    God:
Gold:   126        SH:  9    Dex: 13    Spells: 4/4 levels left

rFire    . . .     SeeInvis .   a - +0 war axe
rCold    . . .     Gourm    .   c - +0 shield
rNeg     . . .     Faith    .   b - +0 scale mail
rPois    .         Spirit   .   (no helmet)
rElec    .         Reflect  .   (no cloak)
rCorr    .         Harm     .   k - +2 pair of gloves
MR       .....                  (no boots)
Stlth    +.........             m - amulet of the acrobat
HPRegen  0.13/turn              j - ring of stealth
MPRegen  0.09/turn              (no ring)

@: no status effects
A: claws 1
a: no special abilities


You were on level 4 of the Dungeon.
You were not hungry.

You visited 1 branch of the dungeon, and saw 4 of its levels.

You collected 126 gold pieces.

Inventory:

Hand Weapons
 a - a +0 war axe (weapon)
Armour
 b - a +0 scale mail (worn)
 c - a +0 shield (worn)
 k - a +2 pair of gloves (worn)
Jewellery
 j - a ring of stealth (left hand)
 m - an amulet of the acrobat (around neck)
Scrolls
 h - 6 scrolls of identify {unknown}
 i - a scroll of noise {unknown}
 n - 2 scrolls of remove curse {unknown}
 o - a scroll of immolation {unknown}
 p - a scroll of magic mapping {unknown}
 q - 5 scrolls of teleportation {unknown}
 s - a scroll of amnesia {unknown}
 t - a scroll of fog {unknown}
 u - a scroll of fear {unknown}
 v - a scroll of enchant weapon {unknown}
 w - a scroll of enchant armour {unknown}
Potions
 d - a potion of might
 e - a potion of resistance {unknown}
 l - 2 potions of curing {unknown}
 r - a potion of lignification {unknown}
Comestibles
 f - 12 rations


   Skills:
 + Level 3.4 Fighting
 + Level 3.2 Axes
 + Level 3.1 Armour
 + Level 1.5 Dodging
 + Level 0.4 Stealth
 + Level 3.4 Shields


You had 4 spell levels left.
You didn't know any spells.
Your spell library was empty.

Dungeon Overview and Level Annotations

Branches:
Dungeon (4/15)
 Temple: D:4-7

Altars:


Innate Abilities, Weirdness & Mutations

You have sharp fingernails.


Message History

You are too injured to fight recklessly!
You barely miss the hornet zombie.
The hornet zombie is severely damaged.
The hornet zombie hits you. You block the hornet zombie's attack.
You closely miss the hornet zombie.
The hornet zombie is severely damaged.
The hornet zombie hits you.
* * * LOW HITPOINT WARNING * * *
You block the hornet zombie's attack.
You closely miss the hornet zombie.
The hornet zombie is severely damaged.
The hornet zombie hits you.
* * * LOW HITPOINT WARNING * * *
You block the hornet zombie's attack.
Your shield and scale mail prevent you from hitting the hornet zombie.
The hornet zombie is severely damaged.
The hornet zombie hits you!
* * * LOW HITPOINT WARNING * * *
The hornet zombie hits you.
You die...

. ..>..#.#.......#
....##..........##
.....#.#.#.......#
.......))........#
......####.....>.#
...... ##.....###
..... ##......#
...
######.#.#.##.# ..
.......@.!...... .
#.##..Z#.#....#.
#.....$.......
....##[........
#..%.. #..(......
...... ..........
#.... .........
#(... .......


You could see a hornet zombie.

Vanquished Creatures
  An orc wizard (D:4)
  A worker ant (D:4)
  2 adders
  3 oozes
  An adder skeleton (D:3)
  A worm (D:2)
  2 dart slugs (D:1)
  A leopard gecko (D:2)
  4 orcs (D:4)
  A ball python (D:2)
  7 bats
  3 giant cockroaches
  4 goblins
  13 hobgoblins
  4 kobolds
  4 quokkas
  4 frilled lizards
  9 rats
65 creatures vanquished.

Notes
Turn   | Place    | Note
-------+----------+-------------------------------------------
     0 | D:1      | galech the Demonspawn Fighter began the quest for the Orb.
     0 | D:1      | Reached XP level 1. HP: 18/18 MP: 1/1
    26 | D:1      | Gained mutation: You have sharp fingernails. [demonic
                  | ancestry]
    26 | D:1      | Reached XP level 2. HP: 22/24 MP: 2/2
   795 | D:2      | Reached XP level 3. HP: 22/29 MP: 3/3
  1108 | D:2      | Reached XP level 4. HP: 35/35 MP: 4/4
  1998 | D:4      | Reached skill level 1 in Dodging
  1998 | D:4      | Reached XP level 5. HP: 11/41 MP: 5/5
  2270 | D:4      | HP: 1/41 [hornet zombie (8)]
  2270 | D:4      | Slain by a hornet zombie

Vault maps used:
D:1:      ncdulo_wetmaze, minmay_misc_feat_encased, kennysheep_another_room,
          minmay_pentomino_x2
D:2:      st_stairs_9
D:3:      first_ration
D:4:      serial_glass, glass_columns_a, glass_columns_a, glass_columns_a,
          glass_columns_a, glass_columns_a, glass_columns_a, uniq_pikel

Skill      XL: |  1  2  3  4 |
---------------+-------------+-----
Axes           | 2 3 |  3.2
Shields        | 3 |  3.4
Armour         | 3 |  3.1
Dodging        | 1 |  1.5
Fighting       | |  3.4
Stealth        | |  0.4

Action                   |  1- 3 |  4- 6 || total
-------------------------+-------+-------++-------
Melee: War axe           |   107 |   101 ||   208
  Use: Potion            |       |     1 ||     1
 Stab: Sleeping          |     2 |       ||     2
  Eat: Chunk             |     1 |     4 ||     5
Armor: Scale mail        |    52 |    48 ||   100
Dodge: Dodged            |    31 |    35 ||    66
Block: Shield            |    55 |    51 ||   106

Table legend:
 A = Non-vault XP
 B = Vault XP
 C = Vault XP percentage of total XP
 D = Non-vault monster count
 E = Vault monster count
 F = Vault count percentage of total count
                 A         B        C        D         E       F
            +---------+---------+-------+---------+---------+-------
      Total |     221 |      10 |   4.3 |      61 |       4 |   6.2
            +---------+---------+-------+---------+---------+-------
        D:1 |      31 |       4 |  11.4 |      15 |       1 |   6.2
        D:2 |      72 |       6 |   7.7 |      29 |       3 |   9.4
        D:3 |      32 |       0 |   0.0 |      10 |       0 |   0.0
        D:4 |      86 |       0 |   0.0 |       7 |       0 |   0.0
            +---------+---------+-------+---------+---------+-------
